 Dungeon Crawl Stone Soup version 0.25-a0-523-g9afb2ee040 (webtiles) character file.

Game seed: 6526334174570270783, levelgen mode: deterministic

114 Flugslaktarn the Shield-Bearer (level 4, 0/42 HPs)
             Began as a Deep Dwarf Fighter on Feb 18, 2020.
             Slain by an ogre
             ... wielding a +0 giant club
              (23 damage)
             ... on level 4 of the Dungeon.
             The game lasted 00:00:30 (258 turns).

Flugslaktarn the Shield-Bearer (Deep Dwarf Fighter)  Turns: 258, Time: 00:00:30

Health: 0/42       AC:  7    Str: 20    XL:     4   Next: 67%
Magic:  3/3        EV:  7    Int:  9    God:
Gold:   27         SH:  9    Dex: 12    Spells: 3/3 levels left

rFire    . . .     SeeInvis .   a - +0 war axe
rCold    . . .     Gourm    .   c - +0 kite shield
rNeg     . . .     Faith    .   b - +0 scale mail
rPois    .         Spirit   .   (no helmet)
rElec    .         Reflect  .   (no cloak)
rCorr    .         Harm     .   (no gloves)
MR       .....                  (no boots)
Stlth    ..........             (no amulet)
HPRegen  0.00/turn              (no ring)
MPRegen  0.08/turn              (no ring)

@: non-regenerating
A: damage resistance, heal wounds, sense surroundings 1, no regeneration
a: Heal Wounds


You were on level 4 of the Dungeon.
You were not hungry.

You visited 1 branch of the dungeon, and saw 4 of its levels.

You collected 27 gold pieces.

Inventory:

Hand Weapons
 a - a +0 war axe (weapon)
Armour
 b - a +0 scale mail (worn)
 c - a +0 kite shield (worn)
Jewellery
 g - an uncursed ring of protection from cold {unknown}
   (You found it on level 1 of the Dungeon)
 h - an uncursed ring of see invisible {unknown}
   (You found it on level 1 of the Dungeon)
Scrolls
 f - a scroll of remove curse {unknown}
Potions
 d - a potion of might
 i - a potion of magic {unknown}
Comestibles
 e - a ration
 j - 10 chunks of flesh


   Skills:
 + Level 3.2 Fighting
 * Level 3.8 Axes
 + Level 3.9 Armour
 + Level 3.9 Shields


You had 3 spell levels left.
You didn't know any spells.
Your spell library was empty.

Dungeon Overview and Level Annotations

Branches:
Dungeon (4/15)
 Temple: D:4-7

Altars:


Innate Abilities, Weirdness & Mutations

You are resistant to damage.
You can heal yourself by infusing magical energy.
You passively map a small area around you.
You do not regenerate.


Message History

You hit the jackal.
You kill the jackal!
You hit the ogre.
The ogre is lightly wounded.
The ogre hits you with a +0 giant club!
You barely miss the ogre.
The ogre is lightly wounded.
The ogre barely misses you.
Your shield prevents you from hitting the ogre.
The ogre is lightly wounded.
The ogre barely misses you.
You hit the ogre.
The ogre is moderately wounded.
The ogre barely misses you.
You hit the ogre but do no damage.
The ogre is moderately wounded.
The ogre barely misses you.
The ogre hits you with a +0 giant club!!
Ouch! That really hurt!
You die...

* , ,
.... *
** #..#
##... ,
##...##
, ,,
.....,
* ...*
, #O# *
#@# #)#
, * #<#
#.# *
#.# ,
... ,
,* *
#.# ,
#.# #.#


You could see an ogre.

Vanquished Creatures
  An orc priest (D:3)
  An orc wizard (D:3)
  An adder (D:3)
  An ooze (D:2)
  A leopard gecko (D:4)
  2 orcs (D:3)
  A ball python (D:1)
  3 giant cockroaches
  A goblin (D:1)
  A hobgoblin (D:1)
  2 jackals (D:4)
  A quokka (D:3)
  4 bats
  A kobold (D:3)
  A rat (D:3)
22 creatures vanquished.

Vanquished Creatures (others)
  An orc wizard (D:3)
1 creature vanquished.

Grand Total: 23 creatures vanquished

Notes
Turn   | Place    | Note
-------+----------+-------------------------------------------
     0 | D:1      | Flugslaktarn the Deep Dwarf Fighter began the quest for the
                  | Orb.
     0 | D:1      | Reached XP level 1. HP: 20/20 MP: 1/1
   108 | D:2      | Reached XP level 2. HP: 25/27 MP: 2/2
   149 | D:3      | HP: 1/27 [orc priest/nerve-wracking pain (2)]
   164 | D:3      | Reached XP level 3. HP: 14/33 MP: 3/3
   183 | D:3      | Reached XP level 4. HP: 37/42 MP: 3/3
   244 | D:4      | Noticed an ogre
   258 | D:4      | Slain by an ogre

Levels and vault maps discovered:
D:1:      minmay_arrival_arboretum_small, layout_basic
D:2:      layout_basic
D:3:      layout_basic
D:4:      layout_loops_ring, first_ration,
          nicolae_ossuary_entry_false_entrances, uniq_duvessa

Skill      XL: |  1  2  3 |
---------------+----------+-----
Axes           | 3 |  3.8
Fighting       | 3 |  3.2
Armour         | |  3.9
Shields        | |  3.9

Action                   |  1- 3 |  4- 6 || total
-------------------------+-------+-------++-------
Melee: War axe           |    54 |    23 ||    77
 Abil: Heal Wounds       |     2 |       ||     2
Armor: Scale mail        |    22 |     8 ||    30
Dodge: Dodged            |    27 |    11 ||    38
Block: Kite shield       |    26 |     7 ||    33

Table legend:
 A = Non-vault XP
 B = Vault XP
 C = Vault XP percentage of total XP
 D = Non-vault monster count
 E = Vault monster count
 F = Vault count percentage of total count
                 A         B        C        D         E       F
            +---------+---------+-------+---------+---------+-------
      Total |     164 |       0 |   0.0 |      23 |       0 |   0.0
            +---------+---------+-------+---------+---------+-------
        D:1 |      11 |       0 |   0.0 |       7 |       0 |   0.0
        D:2 |       7 |       0 |   0.0 |       1 |       0 |   0.0
        D:3 |     137 |       0 |   0.0 |      11 |       0 |   0.0
        D:4 |       9 |       0 |   0.0 |       4 |       0 |   0.0
            +---------+---------+-------+---------+---------+-------
